 Dungeon Sprint DCSS version 0.18-a0-1788-g92de1ac (webtiles) character file.

3420 Kidiri the Covert (level 9, 0/47 HPs)
             Began as a Spriggan Enchanter on Apr 19, 2016.
             Was a Follower of Dithmenos.
             Engulfed by a crystal guardian's steam (7 damage)
             ... in the Dungeon (Sprint II: "The Violet Keep of Menkaure").
             The game lasted 00:13:23 (1103 turns).

Kidiri the Covert (Spriggan Enchanter)              Turns: 1103, Time: 00:13:24

Health: 0/47       AC:  5    Str:  4      XL:     9   Next: 76%
Magic:  18/24      EV: 29    Int: 17 (18) God:    Dithmenos [*.....]
Gold:   370        SH:  0    Dex: 18      Spells: 9 memorised, 4 levels left

rFire  . . .     SeeInvis +     k - +0 dagger (venom)
rCold  . . .     Gourm    .     l - +2 robe {rN+}
rNeg   + . .     Faith    .     (shield restricted)
rPois  .         Spirit   .     (helmet restricted)
rElec  .         Dismiss  .     m - +0 cloak
rCorr  .         Reflect  .     (gloves unavailable)
SustAt .         Harm     .     (boots unavailable)
MR     +....     NoTele   +     (no amulet)
Stlth  ++........               (no ring)
                                (no ring)

@: contaminated, glowing, very quick, somewhat resistant to hostile
enchantments, unstealthy
A: unfitting armour, see invisible, deterioration 1, herbivore 3, speed 3,
screaming 1, slow metabolism 2
a: Renounce Religion


You were in the Dungeon.
You worshipped Dithmenos.
Dithmenos was aware of your devotion.
You were hungry.

You visited 1 branch You collected 1316 gold pieces.
You spent 946 gold pieces at shops.

Inventory:

Hand Weapons
 k - a +0 dagger of venom (weapon)
Armour
 l - a +2 robe of positive energy (worn)
 m - a +0 cloak (worn)
Scrolls
 a - a scroll of random uselessness {unknown}
Potions
 g - a potion of haste
Books
 i - a book of Burglary

   Spells                             Type                      Level
   a - Swiftness                      Charms/Air                   2
   b - Passwall                       Transmutation/Earth          2
   c - Passage of Golubria            Translocation                4
   d - Lee's Rapid Deconstruction     Earth                        5
   e - Darkness                       Hexes                        6
   f - Invisibility                   Hexes                        6
Comestibles
 d - a bread ration


   Skills:
 + Level 5.0 Fighting
 * Level 9.7 Short Blades
 + Level 4.4 Armour
 * Level 12.4 Dodging
 * Level 13.6 Stealth
 * Level 10.8 Spellcasting
 + Level 3.3 Conjurations
 + Level 8.2 Hexes
 + Level 4.2 Charms
 + Level 4.7 Translocations
 + Level 4.0 Transmutations
 + Level 3.9 Ice Magic
 + Level 2.9 Air Magic
 + Level 2.9 Earth Magic
 + Level 2.2 Invocations


You had 4 spell levels left.
You knew the following spells:

 Your Spells              Type           Power        Failure   Level  Hunger
a - Corona                Hex            #####..      1%          1    None
b - Ensorcelled Hibernat  Hex/Ice        ####..       1%          2    None
c - Confuse               Hex            #####...     1%          3    None
d - Tukima's Dance        Hex            #####...     1%          3    None
e - Dazzling Spray        Conj/Hex       ####....     2%          3    None
f - Passwall              Trmt/Erth      ###.......   2%          2    None
g - Swiftness             Chrm/Air       ###.....     2%          2    None
h - Passage of Golubria   Tloc           N/A          14%         4    ###....
i - Lee's Rapid Deconstr  Erth           ###.......   71%         5    #####..


Dungeon Overview and Level Annotations

Branches:
Dungeon (1/1)

Altars:
Cheibriados
Dithmenos
Elyvilon
Fedhas
Gozag
Kikubaaqudgha
Makhleb
Nemelex Xobeh
Okawaru
Pakellas
Qazlal
Ru
Sif Muna
Trog
Vehumet
Xom
Yredelemnul
Zin
The Shining One
Beogh
Jiyva
Lugonu

Shops:
D :!=!=?[[*%![}(}:

Annotations:
D exclusion: oklob plant, Roxanne


Innate Abilities, Weirdness & Mutations

You are tiny and cannot use many weapons and most armour.
You have supernaturally acute eyesight.
You are a herbivore.
You cover ground extremely quickly.
You need consume almost no food.
Your body sometimes deteriorates upon taking damage.
You occasionally shout uncontrollably at your foes.


Message History

Confirm with . or Enter, or press ? or * to list all spells.
You don't have enough magic to cast that spell.
You're standing in a cloud of steam!
Unknown command.
Unknown command.
Drink which item? (? for menu, Esc to quit)
Magic courses through your body.
You are engulfed in a cloud of scalding steam.
* * * LOW HITPOINT WARNING * * *
Unknown command.
Casting: Lee's Rapid Deconstruction
Confirm with . or Enter, or press ? or * to list all spells.
The spell is very dangerous to cast!
Continue anyway?
Aiming: Lee's Rapid Deconstruction
Press: ? - help, Dir - move target cursor, f/p - crystal guardian Fragment what (e.g. wall or brittle monster)?: a crystal guardian (moderately damaged)
You miscast Lee's Rapid Deconstruction.
You feel a surge of energy from the ground.
You are engulfed in a cloud of scalding steam.
You die...

..#..####.#.k#
#.####..+.##.# §▓!$[?$%$
#....#(.#^..####▓$$)!(!?
###..#####k.##.#▓?((!!$[
#.##..#..§§8#..#▓!%!$[!)
#..#..#..#§§#..#▓$?[?!$(
##.+..####..##.#▓)[!$([)
.#.#....###...##▓▓▓▓▓▓▓+
#.##......≈≈≈8k≈@§§≈≈≈≈.
###≈§.....≈#+########+##
#≈≈≈≈§≈≈..≈#..._._..#t≈≈
#≈§≈≈≈§≈≈.≈#.._._._.#≈§§
≈≈≈≈≈≈§§≈≈≈#._._._..#t§§
≈≈≈≈§≈≈§§§§#_._._._.#§§§
+#≈≈§§§≈≈≈≈#._._._..#§≈≈
##≈§≈###§≈#_._._...#≈§§
z§ #§§#._._....


You could see a death drake, a crystal guardian and 2 crocodiles.

Vanquished Creatures
  A great orb of eyes (D)
  An iron elemental (D)
  A yaktaur (D)
  2 polar bears (D)
  2 hippogriffs (D)
  3 neqoxecs (D)
  A swamp drake (D)
  4 necrophages (D)
  A wasp (D)
  A crocodile (D)
  4 worker ants (D)
  A hell rat (D)
  A spectral bat (D)
  A spectral quokka (D)
24 creatures vanquished.

Vanquished Creatures (others)
  A polar bear (D)
  A neqoxec (D)
  Menkaure (D)
  A swamp drake (D)
  A crocodile (D)
5 creatures vanquished.

Grand Total: 29 creatures vanquished

Notes
Turn   | Place    | Note
--------------------------------------------------------------
     0 | D        | Kidiri the Spriggan Enchanter began the quest for the Orb.
     0 | D        | Reached XP level 1. HP: 9/9 MP: 5/5
     1 | D        | Noticed a worker ant
     1 | D        | Noticed a worker ant
     4 | D        | Noticed a hippogriff
     4 | D        | Noticed a hippogriff
     7 | D        | Noticed a necrophage
     7 | D        | Noticed a necrophage
     7 | D        | Noticed a necrophage
     7 | D        | Noticed a necrophage
    13 | D        | Killed a necrophage
    13 | D        | Reached skill level 1 in Fighting
    13 | D        | Reached skill level 1 in Armour
    13 | D        | Reached skill level 5 in Dodging
    13 | D        | Reached skill level 7 in Stealth
    13 | D        | Reached skill level 5 in Spellcasting
    13 | D        | Reached XP level 2. HP: 15/15 MP: 5/9
    13 | D        | Reached XP level 3. HP: 18/18 MP: 5/10
    13 | D        | Reached XP level 4. HP: 23/23 MP: 6/12
    22 | D        | Killed a necrophage
    22 | D        | Reached skill level 8 in Stealth
    22 | D        | Reached skill level 5 in Hexes
    22 | D        | Reached XP level 5. HP: 26/27 MP: 7/14
    28 | D        | Killed a necrophage
    28 | D        | Reached skill level 5 in Short Blades
    28 | D        | Reached skill level 9 in Stealth
    32 | D        | Killed a necrophage
    32 | D        | Reached XP level 6. HP: 29/31 MP: 7/17
    41 | D        | Learned a level 2 spell: Ensorcelled Hibernation
    41 | D        | Killed Menkaure
    45 | D        | Learned a level 3 spell: Confuse
    49 | D        | Learned a level 3 spell: Tukima's Dance
    53 | D        | Learned a level 3 spell: Dazzling Spray
   139 | D        | Reached skill level 10 in Stealth
   145 | D        | Reached skill level 1 in Ice Magic
   262 | D        | Killed a hippogriff
   262 | D        | Reached skill level 1 in Conjurations
   262 | D        | Reached XP level 7. HP: 35/35 MP: 15/19
   273 | D        | Killed a hippogriff
   273 | D        | Reached skill level 11 in Stealth
   397 | D        | Found Unomniogg's Gadget Emporium.
   398 | D        | Found Wiveg's Food Shoppe.
   398 | D        | Found Ocokuuro's Assorted Antiques.
   398 | D        | Found Pochit's Jewellery Shoppe.
   398 | D        | Found Keud's Antique Armour Shoppe.
   398 | D        | Found Uwniecw's Antique Armour Shoppe.
   398 | D        | Found Akic's Distillery.
   398 | D        | Found Melenot's Antique Weapon Shoppe.
   398 | D        | Found Seuv's Antique Armour Emporium.
   398 | D        | Found Woets's Book Shoppe.
   398 | D        | Found Duonefuf's Distillery.
   413 | D        | Noticed a neqoxec
   415 | D        | Gained mutation: You occasionally shout uncontrollably at your foes. [a neqoxec]
   422 | D        | Gained mutation: Your body sometimes deteriorates upon taking damage. [a neqoxec]
   424 | D        | Killed a neqoxec
   424 | D        | Reached skill level 10 in Dodging
   425 | D        | Noticed a neqoxec
   429 | D        | Killed a neqoxec
   438 | D        | Noticed a neqoxec
   448 | D        | Noticed a neqoxec
   452 | D        | Killed a neqoxec
   452 | D        | Reached XP level 8. HP: 33/41 MP: 2/22
   564 | D        | Noticed Roxanne
   584 | D        | Noticed a flying skull
   584 | D        | Noticed a flying skull
   584 | D        | Noticed a flying skull
   585 | D        | Noticed a flying skull
   585 | D        | Noticed a flying skull
   585 | D        | Noticed a flying skull
   585 | D        | Noticed a flying skull
   586 | D        | Noticed a flying skull
   586 | D        | Noticed a flying skull
   588 | D        | Noticed a flying skull
   590 | D        | Found Juelasi's Gadget Shoppe.
   593 | D        | Noticed a flying skull
   594 | D        | Reached skill level 12 in Stealth
   598 | D        | Found Lom Tydosa's Magic Scroll Emporium.
   601 | D        | Found Agoarches's Jewellery Shoppe.
   601 | D        | Found Gideecet's Distillery.
   601 | D        | Noticed a shining eye
   604 | D        | Noticed a shining eye
   604 | D        | Noticed a shining eye
   604 | D        | Noticed an oklob plant
   605 | D        | Found Micwiel's Book Shoppe.
   629 | D        | Bought a book of Burglary for 750 gold pieces
   632 | D        | Learned a level 2 spell: Passwall
   635 | D        | Learned a level 2 spell: Swiftness
   640 | D        | Learned a level 4 spell: Passage of Golubria
   646 | D        | Learned a level 5 spell: Lee's Rapid Deconstruction
   673 | D        | Bought a glowing dagger for 50 gold pieces
   676 | D        | Bought a glowing robe for 16 gold pieces
   687 | D        | Bought a cloak for 130 gold pieces
   723 | D        | Found a shadowy altar of Dithmenos.
   724 | D        | Found an opulent altar of Gozag.
   724 | D        | Found a burning altar of Makhleb.
   725 | D        | Found a corrupted altar of Lugonu.
   725 | D        | Found a roughly hewn altar of Beogh.
   726 | D        | Found a glowing golden altar of the Shining One.
   726 | D        | Found a viscous altar of Jiyva.
   726 | D        | Found an oddly glowing altar of Pakellas.
   726 | D        | Found a white marble altar of Elyvilon.
   726 | D        | Found a snail-covered altar of Cheibriados.
   727 | D        | Found a bloodstained altar of Trog.
   727 | D        | Found a sparkling altar of Nemelex Xobeh.
   727 | D        | Found a sacrificial altar of Ru.
   728 | D        | Found a deep blue altar of Sif Muna.
   728 | D        | Found an ancient bone altar of Kikubaaqudgha.
   728 | D        | Found a radiant altar of Vehumet.
   729 | D        | Found a basalt altar of Yredelemnul.
   729 | D        | Found an iron altar of Okawaru.
   731 | D        | Found a shimmering altar of Xom.
   731 | D        | Found a blossoming altar of Fedhas.
   731 | D        | Noticed a polar bear
   732 | D        | Noticed a polar bear
   733 | D        | Noticed a polar bear
   734 | D        | Noticed a yaktaur
   742 | D        | Killed a polar bear
   742 | D        | Reached skill level 1 in Charms
   742 | D        | Reached skill level 1 in Translocations
   742 | D        | Reached skill level 1 in Transmutations
   742 | D        | Killed a polar bear
   742 | D        | Reached skill level 1 in Air Magic
   742 | D        | Reached skill level 1 in Earth Magic
   744 | D        | Killed a yaktaur
   751 | D        | Killed a polar bear
   751 | D        | Reached skill level 10 in Spellcasting
   751 | D        | Reached XP level 9. HP: 34/45 MP: 3/24
   752 | D        | Found a glowing silver altar of Zin.
   752 | D        | Found a stormy altar of Qazlal.
   758 | D        | Became a worshipper of Dithmenos the Shadowed
   835 | D        | Noticed a great orb of eyes
   845 | D        | Killed a great orb of eyes
   845 | D        | Reached skill level 13 in Stealth
   845 | D        | Reached skill level 1 in Invocations
   915 | D        | Reached * piety under Dithmenos
   938 | D        | Noticed a deep elf master archer
   941 | D        | Noticed an iron elemental
   951 | D        | Killed an iron elemental
   951 | D        | Reached skill level 5 in Fighting
  1085 | D        | Noticed a death drake
  1086 | D        | Noticed a death drake
  1086 | D        | Noticed a crystal guardian
  1103 | D        | Engulfed by a crystal guardian's steam

Vault maps used:
D:        the_violet_keep_of_menkaure

Skill      XL: |  1  2  3  4  5  6  7  8  9 |
---------------+----------------------------+-----
Fighting       | 1 2 3 4 5 |  5.0
Short Blades   | 3 4 6 7 8 9 |  9.7
Armour         | 1 2 3 4 |  4.4
Dodging        | 5 7 8 9 10 11 12 | 12.4
Stealth        | 7 8 9 10 11 12 13 | 13.6
Spellcasting   | 5 6 7 8 9 10 | 10.8
Hexes          | 4 5 6 7 8 |  8.2
Ice Magic      | 1 2 3 |  3.9
Conjurations   | 1 2 3 |  3.3
Charms         | 2 4 |  4.2
Translocations | 3 4 |  4.7
Transmutations | 2 4 |  4.0
Air Magic      | 1 2 |  2.9
Earth Magic    | 1 2 |  2.9
Invocations    | 2 |  2.2

Action                   |  1- 3 |  4- 6 |  7- 9 || total
-------------------------+-------+-------+-------++-------
Melee: Dagger            |     4 |    23 |    35 ||    62
 Cast: Corona            |     1 |       |       ||     1
       Ensorcelled Hiber |       |     2 |     5 ||     7
       Dazzling Spray    |       |       |    27 ||    27
       Confuse           |       |       |     4 ||     4
       Lee's Rapid Decon |       |       |     1 ||     1
  Use: Potion            |     1 |       |     4 ||     5
       Scroll            |       |       |     1 ||     1
 Stab: Sleeping          |       |     5 |     6 ||    11
       Invisible         |       |       |     9 ||     9
       Confused          |       |       |     1 ||     1
Armor: Robe              |       |       |     3 ||     3
Dodge: Dodged            |     3 |     8 |    57 ||    68
